 Dungeon Crawl Stone Soup version 0.31-a0-968-g24f9ace8b5 (webtiles) character file.

Game seed: 16729056680041416236

142072 IdlyInterested the Spear-Bearer (level 16, -10/133 HPs)
             Began as a Demonspawn Fighter on Oct 26, 2023.
             Mangled by a wolf spider (17 damage)
             ... on level 1 of the Spider Nest on Oct 27, 2023.
             The game lasted 02:03:07 (29123 turns).

IdlyInterested the Spear-Bearer (DsFi)             Turns: 29123, Time: 02:03:07

Health: -10/133    AC: 32    Str: 27    XL:     16   Next: 79%
Magic:  16/16      EV: 22    Int: 13    God:
Gold:   228        SH:  0    Dex: 15    Spells: 15/15 levels left

rFire   . . .        Z - +8 whip "Snakebite" {venom, curare, rPois}
rCold   + . .        (no shield)
rNeg    + + .        A - +5 plate armour {Will+}
rPois   +            W - +2 hood of the Assassin {Detect Stab+ Stlth++}
rElec   +            K - +1 cloak "Qiemmoklei" {-Cast rN++}
rCorr   .            (no gloves)
SInv    .            D - +1 pair of boots
Will    ++...        i - amulet of Ofoyl {rElec rC+ Regen+}
Stlth   ++           s - ring of Attitude {AC+4 Int+3 Dex+3 Stlth+}
HPRegen 1.22/turn    V - ring "Paets" {EV+5 Slay+3}
MPRegen 0.15/turn

%: no spellcasting
@: no status effects
A: repulsion field 2, demonic guardian 2, ignite blood 1, demonic touch 2,
strong 1
a: no special abilities


You were on level 1 of the Spider Nest.
You visited 5 branches of the dungeon, and saw 24 of its levels.
You visited 1 bazaar.
You also visited: Ossuary, Bailey and Volcano.

You collected 2766 gold pieces.
You spent 2538 gold pieces at shops.

Inventory:

Hand Weapons
 c - a +3 trident of freezing
 w - the +10 war axe of Joyd {protect, rF+ Str+6 Dex-4}
   (You found it on level 14 of the Dungeon)

   Str+6:     It affects your strength (+6).
   Dex-4:     It affects your dexterity (-4).
   rF+:       It protects you from fire.
 I - the +7 quarterstaff of the Open Hand {chaos, rElec rC+++ rN+ Int-4}
   (You subdued it on level 5 of the Lair of Beasts)

   Int-4:     It affects your intelligence (-4).
   rC+++:     It renders you almost immune to cold.
   rElec:     It insulates you from electricity.
   rN+:       It protects you from negative energy.
 Z - the +8 whip "Snakebite" (weapon) {venom, curare, rPois}
   (You took it off Amaemon on level 3 of the Lair of Beasts)

   rPois:     It protects you from poison
Missiles
 d - 6 silver javelins
 h - 6 darts of dispersal
 j - 6 datura-tipped darts
 u - 5 throwing nets
 x - 24 boomerangs (quivered)
 T - 37 poisoned darts
Armour
 f - the scarf of Edim {harm, rC+ Int+3 Dex+4 SInv}
   (You bought it in a shop on level 2 of the Orcish Mines)

   Int+3:     It affects your intelligence (+3).
   Dex+4:     It affects your dexterity (+4).
   rC+:       It protects you from cold.
   SInv:      It lets you see invisible.
 y - a +3 ring mail of fire resistance
 A - a +5 plate armour of willpower (worn)
 D - a +1 pair of boots (worn)
 K - the +1 cloak "Qiemmoklei" (worn) {-Cast rN++}
   (You found it in a bailey)

   rN++:      It greatly protects you from negative energy.
   -Cast:     It prevents spellcasting.
 W - the +2 hood of the Assassin (worn) {Detect Stab+ Stlth++}
   (You bought it in a shop on level 2 of the Orcish Mines)

   Detect:    It allows the wearer to sense nearby creatures.
   Stab+:     It allows the wearer to make particularly effective stabbing
   attacks against helpless or unaware enemies with any weapon.
   Stlth++:   It makes you much more stealthy.
Magical Staves
 G - a staff of cold
 N - a staff of death
Jewellery
 b - a ring of flight
 i - the amulet of Ofoyl (around neck) {rElec rC+ Regen+}
   (You acquired it on level 10 of the Dungeon)

   [amulet of regeneration]

   rC+:       It protects you from cold.
   rElec:     It insulates you from electricity.
   Regen+:    It increases your rate of health regeneration.
 s - the ring of Attitude (left hand) {AC+4 Int+3 Dex+3 Stlth+}
   (You found it on level 15 of the Dungeon)

   [ring of protection]

   AC+4:      It affects your AC (+4).
   Int+3:     It affects your intelligence (+3).
   Dex+3:     It affects your dexterity (+3).
   Stlth+:    It makes you more stealthy.
 Q - the amulet "Apehoc" {Reflect rPois Dex+3 SH+5 Stlth-}
   (You found it on level 12 of the Dungeon)

   [amulet of reflection]

   Reflect:   It reflects blocked missile attacks.
   Dex+3:     It affects your dexterity (+3).
   rPois:     It protects you from poison SH+5: It affects your SH (+5).
   Stlth-:    It makes you less stealthy.
 V - the ring "Paets" (right hand) {EV+5 Slay+3}
   (You bought it in a shop on level 5 of the Dungeon)

   [ring of evasion]

   EV+5:      It affects your evasion (+5).
   Slay+3:    It affects your accuracy & damage with ranged weapons and melee
   (+3).
 X - a ring of see invisible
Wands
 g - a wand of mindburst (39)
 E - a wand of paralysis (23)
 L - a wand of flame (39)
 M - a wand of polymorph (11)
 O - a wand of acid (10)
Scrolls
 l - a scroll of fog
 p - 2 scrolls of blinking
 t - 5 scrolls of revelation
 v - a scroll of enchant weapon
 z - 7 scrolls of teleportation
Potions
 a - 3 potions of heal wounds
 e - 2 potions of mutation
 m - 5 potions of haste
 q - 2 potions of curing
 B - a potion of resistance
 F - 3 potions of enlightenment
 P - a potion of berserk rage
 U - a potion of ambrosia
Miscellaneous
 J - a tin of tremorstones (2/2)
 R - a phantom mirror
 S - a lightning rod (4/4)


   Skills:
 - Level 14.0 Fighting
 - Level 6.0 Long Blades
 - Level 13.0 Maces & Flails
 - Level 14.0 Polearms
 - Level 5.0 Throwing
 - Level 14.0 Armour
 - Level 14.0 Dodging
 - Level 5.0 Stealth
 - Level 7.0 Shields
 + Level 5.5 Unarmed Combat
 - Level 5.0 Evocations


You had 15 spell levels left.
You didn't know any spells.
Your spell library contained the following spells:

 Spells                   Type           Power      Damage    Failure   Level
 Magic Dart               Conj           0%         1d3       91%         1
 Necrotise                Necr           0%         1d4       91%         1
 Sting                    Tmut/Pois      0%         1d3       91%         1
 Call Imp                 Summ           0%         N/A       97%         2
 Cigotuvi's Dreadful Rot  Necr/Pois/Air  0%         N/A       97%         2
 Ensorcelled Hibernation  Hex/Ice        0%         N/A       97%         2
 Jinxbite                 Hex            0%         N/A       97%         2
 Passwall                 Tmut/Erth      0%         N/A       97%         2
 Wereblood                Tmut           0%         N/A       97%         2
 Ignite Poison            Fire/Tmut/Pois 0%         N/A       99%         3
 Inner Flame              Hex/Fire       0%         N/A       99%         3
 Mephitic Cloud           Conj/Pois/Air  0%         N/A       99%         3
 Ozocubu's Armour         Ice            0%         N/A       99%         3
 Summon Guardian Golem    Hex/Summ       0%         N/A       99%         3
 Swiftness                Air            0%         N/A       99%         3
 Vampiric Draining        Necr           0%         2d6       99%         3
 Anguish                  Hex/Necr       0%         N/A       100%        4
 Agony                    Necr           0%         N/A       100%        5
 Freezing Cloud           Conj/Ice/Air   0%         6-21      100%        5
 Metabolic Englaciation   Hex/Ice        0%         N/A       100%        5
 Yara's Violent Unravell  Hex/Tmut       0%         3d3       100%        5
 Conjure Ball Lightning   Conj/Air       0%         3x3d6     100%        6
 Eringya's Noxious Bog    Tmut/Pois      0%         4d6       100%        6
 Simulacrum               Ice/Necr       0%         N/A       100%        6
 Enfeeble                 Hex            0%         N/A       100%        7
 Orb of Destruction       Conj           0%         9d5       100%        7
 Ozocubu's Refrigeration  Ice            0%         4d7       100%        7
 Spellforged Servitor     Conj/Summ      0%         N/A       100%        7
 Discord                  Hex            0%         N/A       100%        8
 Disjunction              Tloc           0%         N/A       100%        8


Dungeon Overview and Level Annotations

Branches:
Dungeon (15/15)            Temple (1/1) D:5            Lair (5/5) D:8
  Swamp (0/4) Lair:3       Spider (1/4) Lair:3        Slime (0/5) Lair:5
    Orc (2/2) D:9             Elf (0/3) Orc:2        Vaults (0/5) D:14
 Depths (0/4) D:15        Ossuary (visited)          Bailey (visited)
Volcano (visited)

Altars:
Ashenzari
Cheibriados
Dithmenos
Fedhas
Gozag
Hepliaklqana
Kikubaaqudgha
Makhleb
Nemelex Xobeh
Okawaru
Qazlal
Ru
Sif Muna
Trog
Uskayaw
Vehumet
Wu Jian
Xom
Yredelemnul

Shops:
D:5 =(*(*   Orc:2 !([[


Innate Abilities, Weirdness & Mutations

You are surrounded by a moderate repulsion field. (EV +3)
A demonic guardian rushes to your aid.
Your demonic aura sometimes causes spilled blood to erupt in flames.
Your touch may inflict irresistible damage on your foes.
Your muscles are strong. (Str +4, Int/Dex -1)


Message History

You hit the emperor scorpion but do no damage.
You touch the emperor scorpion!
The emperor scorpion is almost dead.
Your rust devil hits the emperor scorpion.
Your rust devil corrodes the emperor scorpion!
The emperor scorpion is engulfed in blazing flames.
The emperor scorpion stings you.
The emperor scorpion barely misses you. x2
You barely miss the emperor scorpion. Your touch misses the emperor scorpion.
The emperor scorpion is almost dead.
You closely miss the emperor scorpion.
You touch the emperor scorpion.
The emperor scorpion is almost dead.
The emperor scorpion is engulfed in blazing flames.
The emperor scorpion stings you!! The emperor scorpion claws you.
The emperor scorpion completely misses you.
The moth of wrath goads the steelbarb worm on!
The steelbarb worm goes berserk!
The moth of wrath goads the wolf spider on!
The wolf spider goes berserk!
Your rust devil hits the emperor scorpion.
The emperor scorpion seems to be corroded for longer.
You whack the emperor scorpion!
You kill the emperor scorpion!
The steelbarb worm rages.
You closely miss the wolf spider.
The wolf spider is engulfed in blazing flames.
The wolf spider hits you!!
* * * LOW HITPOINT WARNING * * *
The wolf spider misses you.
Your rust devil hits the wolf spider!
Your rust devil corrodes the wolf spider!
You completely miss the wolf spider.
The wolf spider is lightly wounded.
The wolf spider is engulfed in blazing flames.
The wolf spider hits you!!
* * * LOW HITPOINT WARNING * * *
The wolf spider bites you but does no damage.
You whack the wolf spider!
The wolf spider looks as sick as possible!
The wolf spider is heavily wounded.
The wolf spider closely misses you. The wolf spider bites you!
You die...

### ## ...# ##$. #.##.^#
#.... ..#..## #....
.....##### ...w {
#....#..## ## ,ys#
##.....#..###.# #
#s###.............. ##.
#4@.^......#.#.....
###...######...........#
.......†.........#...#.#
..............[##...## .
.#######....^......## ..
###.##...#<.# ^.
#.##....†.##.#..
#..##...##†..^.#
##..^...........


You could see a steelbarb worm (berserk), a demonic crawler, a wolf spider
(berserk, extremely poisoned, corroded, ally target), a moth of wrath and a
friendly rust devil (summoned).

Vanquished Creatures
  A tengu reaver (D:12)
  A shadow dragon (D:12)
  2 storm dragons (D:12)
  An emperor scorpion (Spider:1)
  A frost giant (D:15)
  4 slime creatures
  An orc warlord (Orc:2)
  The ghost of hwolsky the Tormented, a journeyman DrRe of Kikubaaqudgha (Lair:5)
  Nessos (Lair:4)
  A minotaur (D:15)
  The ghost of Qoorahoc the Protected, a journeyman MiBe of Trog (Lair:2)
  The ghost of Cadaeck the Basher, a journeyman GrFi of Jiyva (D:14)
  Josephine (Orc:2)
  The ghost of Newt the Markskobold, a journeyman KoHu of Hepliaklqana (D:15)
  2 ettins
  A fire dragon (D:12)
  A yaktaur captain (D:12)
  Fannar (Orc:1)
  An ogre mage (D:12)
  4 hydras
  Harold (D:10)
  6 catoblepae
  A rakshasa (D:12)
  5 two-headed ogres
  6 centaur warriors
  4 boulder beetles
  A death knight (D:12)
  3 dancing weapons
  12 death yaks
  5 tengu warriors
  A jorogumo (Spider:1)
  2 demonic crawlers (Spider:1)
  4 orc high priests (Orc:2)
  A deep elf knight (D:15)
  2 skysharks
  Amaemon (Lair:3)
  A death drake (shapeshifter) (D:13)
  6 skeletal warriors (D:12)
  A flayed ghost (D:12)
  3 lindwurms
  5 orc knights
  The ghost of Ahpoh the Slasher, a novice DrSh of Okawaru (D:6)
  2 deep elf pyromancers
  An orc sorcerer (Orc:2)
  20 ugly things
  2 wolf spiders
  7 cyclopes
  2 oklob plants
  A salamander (shapeshifter) (D:12)
  A deep elf zephyrmancer (D:12)
  A toenail golem (Volcano)
  7 manticores
  17 elephants
  Maurice (D:11)
  Maggie (D:8)
  An orange demon (Lair:3)
  5 black mambas
  3 molten gargoyles (Volcano)
  4 gargoyles
  2 unseen horrors
  2 torpor snails
  A yaktaur (shapeshifter) (D:14)
  14 cane toads
  4 efreet
  7 komodo dragons
  Psyche (D:11)
  2 freezing wraiths (D:15)
  5 rime drakes
  A yaktaur (D:12)
  2 tengu conjurers
  4 meliai
  13 trolls
  4 polar bears
  A hornet (D:10)
  13 blink frogs
  5 dream sheep (Lair:3)
  3 jumping spiders
  A vampire (Bailey)
  A culicivora (Lair:3)
  A shadow (D:9)
  A spriggan (shapeshifter) (D:15)
  9 wraiths
  8 fire elementals (Volcano)
  65 yaks
  7 basilisks
  A basilisk (shapeshifter) (D:14)
  6 wyverns
  A fire bat (shapeshifter) (D:13)
  2 steam dragons
  6 redbacks
  A hog (shapeshifter) (D:14)
  6 vampire mosquitoes
  2 wargs (Orc:2)
  4 acid dragons
  13 water moccasins
  Duvessa (D:5)
  39 orc warriors
  A sky beast (D:7)
  The ghost of arvidsem the Shield-Bearer, an amateur MiFi (D:3)
  A black bear (shapeshifter) (D:13)
  8 ogres
  3 boggarts (D:15)
  21 wolves
  31 centaurs
  Blork the orc (D:6)
  2 kobold brigands
  12 bullfrogs
  2 earth elementals (Volcano)
  5 gnoll sergeants
  16 wights
  Dowan (D:5)
  14 killer bees
  2 electric eels
  7 howler monkeys
  7 vampire bats (Bailey)
  6 wolf zombies (Bailey)
  4 centaur zombies (Ossuary)
  10 hounds
  3 jellies (Lair:5)
  14 orc priests
  A gnoll bouda (D:7)
  An iron imp (D:6)
  6 iguanas
  Natasha (thrice) (D:3)
  26 orc wizards
  2 mummies (Ossuary)
  9 adders
  25 gnolls
  2 white imps
  2 adder zombies (Ossuary)
  5 worms (D:2)
  3 dart slugs
  94 orcs
  2 bats
  7 endoplasms
  2 giant cockroaches
  7 goblins
  10 hobgoblins
  4 jackals
  A quokka (D:1)
  7 ball pythons
  4 frilled lizards
  3 goblin zombies (Ossuary)
  9 hobgoblin zombies (Ossuary)
  11 kobolds
  7 kobold zombies (Ossuary)
  27 orc zombies
  8 rats
  A rat zombie (Ossuary)
896 creatures vanquished.

Vanquished Creatures (collateral kills)
  A dire elephant (Lair:5)
  2 centaur warriors
  A boulder beetle (D:12)
  A death yak (Lair:3)
  A torpor snail (Lair:3)
  A wraith (D:9)
  A vampire mosquito (D:9)
  A warg (Orc:2)
  2 orc warriors
  2 ogres
  An orc wizard (Orc:2)
  An adder (D:2)
  2 orc zombies (Bailey)
  A dart slug (D:2)
  3 orcs
21 creatures vanquished.

Vanquished Creatures (others)
  A centaur (D:9)
  An orc (Orc:2)
2 creatures vanquished.

Grand Total: 919 creatures vanquished

Notes
Turn   | Place    | Note
-------+----------+-------------------------------------------
     0 | D:1      | IdlyInterested the Demonspawn Fighter began the quest for
                  | the Orb.
     0 | D:1      | Reached XP level 1. HP: 18/18 MP: 1/1
   216 | D:1      | Gained mutation: A weak demonic guardian rushes to your
                  | aid. [demonic ancestry]
   216 | D:1      | Reached XP level 2. HP: 24/24 MP: 2/2
   627 | D:1      | Reached skill level 1 in Dodging
   644 | D:1      | Got the Secrets of the Hart
   800 | D:1      | Reached XP level 3. HP: 27/29 MP: 3/3
  1028 | D:2      | Reached skill level 1 in Stealth
  1321 | D:2      | Identified the +3 whip of Pityut {flame, rF+ SInv}
  1426 | D:2      | Found a faded altar of an unknown god.
  1493 | D:2      | Reached XP level 4. HP: 35/35 MP: 4/4
  1672 | D:2      | Reached skill level 1 in Throwing
  1702 | D:2      | Found the +18 Lear's hauberk
  2584 | D:3      | Noticed Natasha
  2594 | D:3      | Killed Natasha
  2595 | D:3      | Reached skill level 1 in Evocations
  2595 | D:3      | Reached XP level 5. HP: 41/41 MP: 5/5
  2745 | D:3      | Noticed Natasha
  2754 | D:3      | Killed Natasha
  2808 | D:3      | Found a runed translucent gate.
  2809 | D:3      | Found a runed translucent gate.
  2809 | D:3      | Found a runed translucent gate.
  2809 | D:3      | Noticed arvidsem's ghost (amateur MiFi)
  3283 | D:3      | Noticed Natasha
  3296 | D:3      | Killed Natasha
  3387 | D:3      | Killed arvidsem's ghost
  3388 | D:3      | Reached skill level 5 in Long Blades
  3388 | D:3      | Reached XP level 6. HP: 29/47 MP: 6/6
  4183 | D:4      | Gained mutation: Your touch may inflict minor irresistible
                  | damage on your foes. [demonic ancestry]
  4183 | D:4      | Reached XP level 7. HP: 54/54 MP: 7/7
  4431 | D:5      | Entered Level 5 of the Dungeon
  4604 | D:5      | Found a staircase to the Ecumenical Temple.
  4609 | Temple   | Entered the Ecumenical Temple
  4687 | D:5      | Found Adghuuvur's Assorted Antiques.
  4714 | D:5      | Bought a scroll labelled MYGEXTIFI for 26 gold pieces
  4714 | D:5      | Bought a purple potion for 23 gold pieces
  4714 | D:5      | Bought a scroll labelled OREUZE MUOLON for 26 gold pieces
  4777 | D:5      | Found Ugisoeska's Jewellery Emporium.
  4805 | D:5      | Noticed Dowan
  4806 | D:5      | Noticed Duvessa
  4826 | D:5      | Killed Duvessa
  4827 | D:5      | Reached skill level 5 in Fighting
  4835 | D:5      | Killed Dowan
  5066 | D:5      | Found Ameow's Assorted Antiques.
  5070 | D:5      | Bought a smoky green potion for 26 gold pieces
  5070 | D:5      | Bought 3 scrolls labelled FURGHI GIJAFO for 87 gold pieces
  5266 | D:5      | Found Rannas's Antique Weapon Emporium.
  5422 | D:5      | Gained mutation: Your demonic aura sometimes causes spilled
                  | blood to erupt in flames. [demonic ancestry]
  5422 | D:5      | Reached XP level 8. HP: 52/63 MP: 8/8
  5473 | D:5      | Found Piwk's Weapon Emporium.
  5730 | D:6      | Noticed Blork the orc
  5739 | D:6      | Reached skill level 1 in Polearms
  5747 | D:6      | Killed Blork the orc
  5862 | D:6      | Found a sand-covered staircase.
  5867 | Ossuary  | Entered an ossuary
  6505 | D:6      | Found an ancient bone altar of Kikubaaqudgha.
  6507 | D:6      | Found a stormy altar of Qazlal.
  6514 | D:6      | Found a sacrificial altar of Ru.
  6514 | D:6      | Found a radiant altar of Vehumet.
  6514 | D:6      | Found an iron altar of Okawaru.
  6686 | D:6      | Found a runed translucent door.
  6688 | D:6      | Noticed Ahpoh's ghost (novice DrSh)
  6706 | D:6      | Found a snail-covered altar of Cheibriados.
  6811 | D:6      | Reached skill level 5 in Polearms
  7224 | D:6      | Reached XP level 9. HP: 69/69 MP: 9/9
  7403 | D:6      | Killed Ahpoh's ghost
  7424 | D:6      | Gained mutation: Your muscles are strong. (Str +4, Int/Dex
                  | -1) [potion of mutation]
  8121 | D:7      | Paralysed by a gnoll for 2 turns
  8245 | D:7      | Reached XP level 10. HP: 46/76 MP: 10/10
  8875 | D:8      | Reached skill level 10 in Polearms
  8917 | D:8      | Found a flagged portal.
  8942 | Bailey   | Entered a bailey
  9176 | Bailey   | Noticed a gargoyle
  9183 | Bailey   | Killed a gargoyle
  9366 | Bailey   | Identified the +1 cloak "Qiemmoklei" {-Cast rN++}
  9742 | D:8      | Found a staircase to the Lair.
  9774 | D:8      | Noticed Maggie
  9811 | D:8      | Killed Maggie
 10164 | D:8      | Noticed a two-headed ogre
 10174 | D:8      | Killed a two-headed ogre
 10518 | D:5      | Bought a sparkling tin ring for 145 gold pieces
 10518 | D:5      | Identified the ring "Paets" {EV+5 Slay+3} (You bought it in
                  | a shop on level 5 of the Dungeon)
 10883 | D:9      | Gained mutation: Your touch may inflict irresistible damage
                  | on your foes. [demonic ancestry]
 10883 | D:9      | Reached XP level 11. HP: 70/81 MP: 11/11
 11124 | D:9      | Noticed a centaur warrior
 11149 | D:9      | Killed a centaur warrior
 11342 | D:9      | Identified the +7 chain mail "Jiydon" {Str+2}
 11757 | D:9      | Found a staircase to the Orcish Mines.
 11970 | D:10     | Entered Level 10 of the Dungeon
 12108 | D:10     | Found a burning altar of Makhleb.
 12170 | D:10     | Reached skill level 1 in Unarmed Combat
 12177 | D:10     | Noticed Harold
 12186 | D:10     | Killed Harold
 12839 | D:10     | Identified 3 scrolls of acquirement
 12840 | D:10     | Acquired a manual of Armour
 12843 | D:10     | Acquired the amulet of Ofoyl {rElec rC+ Regen+}
 12855 | D:10     | Acquired a manual of Dodging
 13767 | D:11     | Found a flickering gateway to a bazaar.
 13782 | Bazaar   | Entered a bazaar
 13784 | Bazaar   | Found Jiacoham's Antique Armour Boutique.
 13785 | Bazaar   | Found Vellanush's Jewellery Boutique.
 13812 | Bazaar   | Found Uqaolige's Jewellery Shop.
 13861 | Bazaar   | Found Kaesit's Jewellery Boutique.
 13932 | Bazaar   | Bought a ring of flight for 175 gold pieces
 14083 | D:11     | Reached skill level 5 in Armour
 14122 | D:11     | Noticed Maurice
 14128 | D:11     | Killed Maurice
 14422 | D:11     | Noticed Psyche
 14432 | D:11     | Killed Psyche
 14793 | D:12     | Identified the +2 robe of Paqecs {Rampage Drain Will+
                  | Stlth+}
 14829 | D:12     | Gained mutation: A demonic guardian rushes to your aid.
                  | [demonic ancestry]
 14829 | D:12     | Reached XP level 12. HP: 29/88 MP: 12/12
 14936 | D:12     | Noticed a two-headed ogre
 14946 | D:12     | Killed a two-headed ogre
 14947 | D:12     | Reached skill level 10 in Armour
 15593 | D:12     | Noticed a rakshasa
 15615 | D:12     | Killed a rakshasa
 15653 | D:12     | Noticed an ogre mage
 15658 | D:12     | Paralysed by an ogre mage for 5 turns
 15660 | D:12     | Killed an ogre mage
 15693 | D:12     | Noticed a death knight
 15693 | D:12     | Noticed a boulder beetle
 15693 | D:12     | Noticed a centaur warrior
 15697 | D:12     | Reached skill level 5 in Dodging
 15700 | D:12     | Killed a boulder beetle
 15707 | D:12     | Killed a centaur warrior
 15715 | D:12     | Killed a death knight
 15803 | D:12     | Noticed an ettin
 15804 | D:12     | Noticed a shadow dragon
 15807 | D:12     | Killed an ettin
 15808 | D:12     | Reached XP level 13. HP: 80/93 MP: 13/13
 15827 | D:12     | Killed a shadow dragon
 15891 | D:12     | Noticed a fire dragon
 15897 | D:12     | Killed a fire dragon
 15905 | D:12     | Identified the amulet "Apehoc" {Reflect rPois Dex+3 SH+5
                  | Stlth-}
 15955 | D:12     | Noticed a storm dragon
 15969 | D:12     | Noticed a tengu reaver
 15971 | D:12     | Killed a storm dragon
 15981 | D:12     | Killed a tengu reaver
 15982 | D:12     | Reached skill level 10 in Dodging
 16035 | D:12     | Noticed a storm dragon
 16044 | D:12     | Killed a storm dragon
 17723 | D:14     | Gained mutation: You are surrounded by a mild repulsion
                  | field. (EV +2) [demonic ancestry]
 17723 | D:14     | Reached XP level 14. HP: 48/100 MP: 14/14
 17785 | D:14     | Identified the +1 arbalest of Evolution {penet, rElec rPois
                  | rC-}
 17923 | D:14     | Found a runed translucent door.
 17935 | D:14     | Noticed Cadaeck's ghost (journeyman GrFi)
 17965 | D:14     | Killed Cadaeck's ghost
 18111 | D:14     | Identified the +10 war axe of Joyd {protect, rF+ Str+6
                  | Dex-4}
 18591 | D:14     | Found a gate to the Vaults.
 18660 | D:14     | Reached skill level 10 in Fighting
 18725 | D:15     | Entered Level 15 of the Dungeon
 18909 | D:15     | Found a transporter.
 18910 | D:15     | Found a transporter.
 18935 | D:15     | Reached skill level 5 in Unarmed Combat
 18964 | D:15     | Reached skill level 5 in Stealth
 19025 | D:15     | Noticed Newt's ghost (journeyman KoHu)
 19063 | D:15     | Found a runed translucent gate.
 19063 | D:15     | Found a runed translucent gate.
 19063 | D:15     | Found a runed translucent gate.
 19208 | D:15     | Found a transporter.
 19214 | D:15     | Found a transporter.
 19440 | D:15     | Found a transporter.
 19446 | D:15     | Found a transporter.
 19571 | D:15     | Found a staircase to the Depths.
 19571 | D:15     | Noticed a frost giant
 19579 | D:15     | Killed a frost giant
 19580 | D:15     | Reached skill level 5 in Throwing
 20020 | D:15     | Killed Newt's ghost
 20062 | D:15     | Identified the ring of Attitude {AC+4 Int+3 Dex+3 Stlth+}
 20299 | Lair:1   | Entered Level 1 of the Lair of Beasts
 20317 | Lair:1   | Reached skill level 5 in Evocations
 20334 | Lair:1   | You fall into a shaft and drop 1 floor!
 20349 | Lair:2   | Reached XP level 15. HP: 95/115 MP: 15/15
 21515 | Lair:2   | Noticed Qoorahoc's ghost (journeyman MiBe)
 21628 | Lair:2   | Found a runed translucent gate.
 21634 | Lair:2   | Found a runed translucent gate.
 21634 | Lair:2   | Found a runed translucent gate.
 22365 | Lair:2   | Killed Qoorahoc's ghost
 22502 | Lair:3   | Noticed Amaemon
 22513 | Lair:3   | Killed Amaemon
 22533 | Lair:3   | Found a staircase to the Swamp.
 22553 | Lair:3   | Found a dark tunnel.
 22564 | Volcano  | Entered a volcano
 22947 | Lair:3   | Found a hole to the Spider Nest.
 23148 | Lair:3   | Reached skill level 1 in Maces & Flails
 23989 | Lair:4   | Noticed Nessos
 24019 | Lair:4   | Killed Nessos
 24024 | Lair:4   | Reached skill level 5 in Maces & Flails
 24931 | Lair:5   | Entered Level 5 of the Lair of Beasts
 24968 | Lair:5   | Gained mutation: You are surrounded by a moderate repulsion
                  | field. (EV +3) [demonic ancestry]
 24968 | Lair:5   | Reached XP level 16. HP: 110/133 MP: 16/16
 25080 | Lair:5   | Reached skill level 10 in Maces & Flails
 25316 | Lair:5   | Identified the +9 hand axe of Peril {heavy, Stlth+}
 25610 | Lair:5   | Identified the talisman of death of Dithmenos's Generosity
                  | {Int+4}
 25992 | Lair:5   | Identified the +3 orcbow "Oguleo" {drain, Fly}
 26082 | Lair:5   | Found a runed translucent door.
 26097 | Lair:5   | Found a shimmering altar of Xom.
 26097 | Lair:5   | Noticed hwolsky's ghost (journeyman DrRe)
 26097 | Lair:5   | Identified the +7 quarterstaff of the Open Hand {chaos,
                  | rElec rC+++ rN+ Int-4}
 26125 | Lair:5   | Killed hwolsky's ghost
 26182 | Lair:5   | Found a staircase to the Slime Pits.
 26533 | Orc:1    | Entered Level 1 of the Orcish Mines
 26899 | Orc:2    | Entered Level 2 of the Orcish Mines
 27018 | Orc:1    | Noticed Fannar
 27030 | Orc:1    | Killed Fannar
 27317 | Orc:2    | Noticed Josephine
 27322 | Orc:2    | Killed Josephine
 27348 | Orc:2    | Reached skill level 5 in Shields
 27672 | Orc:2    | Found Tehor's Antique Weapon Emporium.
 27677 | Orc:2    | Found Qoaroof's Antique Armour Shoppe.
 27928 | Orc:2    | Found a shimmering altar of Xom.
 27963 | Orc:2    | Found a staircase to the Elven Halls.
 28127 | Orc:2    | Found Vuddifra's Distillery.
 28250 | Orc:2    | Found Deasom's Antique Armour Shop.
 28259 | Orc:2    | Upgraded the game from 0.31-a0-965-g8a8ce12e04 to
                  | 0.31-a0-968-g24f9ace8b5
 28259 | Orc:2    | Bought the +2 hood of the Assassin {Detect Stab+ Stlth++}
                  | for 1740 gold pieces
 28259 | Orc:2    | Found the +2 hood of the Assassin {Detect Stab+ Stlth++}
 28779 | Orc:2    | Bought a crude scarf for 290 gold pieces
 28779 | Orc:2    | Identified the scarf of Edim {harm, rC+ Int+3 Dex+4 SInv}
                  | (You bought it in a shop on level 2 of the Orcish Mines)
 29022 | Spider:1 | Entered Level 1 of the Spider Nest
 29122 | Spider:1 | HP: 6/133 [wolf spider (20)]
 29123 | Spider:1 | Mangled by a wolf spider

Illustrated notes

Levels and vault maps discovered:
D:1:      heliophobic_arrival_enchanted_forest, layout_loops_corners,
          minmay_small_reverse_x
D:2:      minmay_door_path, layout_basic,
          shapermc_ecumenical_altar_mp_ritualfount
D:3:      layout_loops_ring, ebering_ghost_rock_garden,
          chequers_serial_rivers_small_b, kennysheep_generic_room_15,
          uniq_natasha
D:4:      layout_loops_ring, skrybe_limestone_x, nrook_loot_triangle,
          serial_bayou_pond_e
D:5:      layout_layer_cave, minmay_temple_entry_glassed_door, serial_shops,
          shop, shop, nicolae_shop_behind_doors, nicolae_shop_back_alley_shop,
          nicolae_shop_rolling_square, uniq_duvessa
D:6:      kb_forest_paths, layout_layer_cave, slow_altar_2, minitemple,
          enter_ossuary_2, gammafunk_ghost_grave, uniq_blork_the_orc
D:7:      layout_basic
D:8:      nicolae_whirlpool, layout_loops_ring, erik_lair_island,
          enter_bailey_2, feat_on_display, uniq_maggie
D:9:      layout_roguey, kennysheep_orc_monster_closet_entryway, grunt_potential
D:10:     layout_layer_cave, bloody_makhleb, uniq_harold
D:11:     layout_irregular_city, serial_shops, bzr_entry_gold,
          amcnicky_mini_corridor_feature, uniq_maurice, uniq_psyche
D:12:     minmay_tearing_corner, layout_basic, kennysheep_another_room
D:13:     minmay_ornate_pinched, layout_small_grid,
          minmay_misc_feat_four_crosses
D:14:     kennysheep_windowed_halls, layout_rooms, erik_vaults_1,
          gammafunk_ghost_grave
D:15:     grunt_enter_depths_snipers, layout_stronghold,
          maelrawn_ghost_gauntlet_escape, minmay_misc_feat_chi,
          serial_nicolae_subway, nicolae_sub_station_crystal,
          nicolae_sub_station_metal, nicolae_sub_station_stone
Temple:   bh_familiar_temple
Lair:1:   layout_concentric_octagons, minmay_holes, grunt_megastairs_3,
          serial_bayou_shore_a
Lair:2:   layout_small_grid, gammafunk_ghost_split
Lair:3:   layout_small_grid, swamp_mist, nicolae_spider_entry_tight_spaces,
          nicolae_volcano_entry_two_sided, uniq_amaemon
Lair:4:   layout_loops_ring, uniq_nessos
Lair:5:   hangedman_lair_in_review, layout_cave_pods,
          nicolae_slime_entry_field_trip, ebering_ghost_xom
Spider:1: layout_spider_delve, nicolae_spider_bug_shape
Orc:1:    layout_diamond_mine, uniq_fannar
Orc:2:    grunt_orc_community_town_hall, layout_caves,
          grunt_orc_community_big_house_2, grunt_orc_community_big_house_1,
          grunt_orc_community_house_2, grunt_orc_community_house_1,
          grunt_orc_community_house_3, grunt_orc_community_house_3,
          grunt_orc_community_house_3, basic_altar, uniq_josephine

Skill      XL: |  1  2  3  4  5  6  7  8  9 10 11 12 13 14 15 16 |
---------------+-------------------------------------------------+-----
Long Blades    | 2 3 4 5 6 |  6.0
Dodging        | 1 3 8 14 | 14.0
Stealth        | 1 4 5 |  5.0
Throwing       | 1 2 5 |  5.0
Evocations     | 1 5 |  5.0
Fighting       | 4 5 6 10 14 | 14.0
Armour         | 3 9 14 | 14.0
Polearms       | 6 9 12 14 | 14.0
Unarmed Combat | 4 5 |  5.5
Maces & Flails | 8 13 | 13.0
Shields        | 7 |  7.0

Action                     |  1- 3 |  4- 6 |  7- 9 | 10-12 | 13-15 | 16-18 || total
---------------------------+-------+-------+-------+-------+-------+-------++-------
  Melee: Long sword        |    18 |       |       |       |       |       ||    18
         Short sword       |    49 |       |       |       |       |       ||    49
         Hand axe          |    13 |       |       |       |       |       ||    13
         Whip              |     6 |   186 |   323 |       |       |    64 ||   579
         Touch             |       |       |    73 |   118 |   266 |   151 ||   608
         Punch             |       |       |     8 |    15 |    46 |    39 ||   108
         Trident           |       |       |    88 |   527 |  1235 |   600 ||  2450
  Throw: Stone             |       |       |     2 |    12 |     3 |       ||    17
         Dart              |       |       |       |    10 |       |       ||    10
         Boomerang         |       |       |       |       |     3 |     2 ||     5
  Evoke: Wand              |       |       |       |     4 |     2 |       ||     6
    Use: Scroll            |       |       |    13 |     9 |     4 |     2 ||    28
         Potion            |       |       |     8 |     4 |     8 |       ||    20
   Stab: Distracted        |       |       |     1 |     2 |     2 |     1 ||     6
         Petrified         |       |       |       |       |    13 |     7 ||    20
         Sleeping          |       |       |       |       |     1 |       ||     1
 Armour: Scale mail        |    35 |     7 |       |       |       |       ||    42
         Chain mail        |       |   112 |   348 |   341 |   580 |   250 ||  1631
         Ring mail         |       |       |       |       |    40 |       ||    40
         Plate armour      |       |       |       |       |       |    56 ||    56
  Dodge: Dodged            |    41 |    32 |   223 |   232 |   900 |   627 ||  2055
  Block: Buckler           |     1 |       |       |       |       |       ||     1
         Kite shield       |    27 |    98 |     8 |       |       |       ||   133
         Other             |       |       |    36 |    65 |       |       ||   101
         Reflection        |       |       |     1 |    16 |       |       ||    17

Table legend: (Time is in decaauts)
 A = Elapsed time spent in this place.
 B = Non-inter-level travel time spent in this place.
 C = Inter-level travel time spent in this place.
 D = Time resting spent in this place.
 E = Time spent auto-exploring this place.
 F = Levels seen in this place.
 G = Mean time per level.
                   A        B        C        D        E       F      G
               +--------+--------+--------+--------+--------+-----+--------+
         Total |  28346 |  23796 |   4550 |   1896 |  14840 |  28 | 1012.4 |
       Dungeon |  19654 |  16004 |   3650 |   1598 |  10305 |  15 | 1310.3 |
        Temple |     91 |     87 |      4 |      0 |      0 |   1 |   91.0 |
          Lair |   5636 |   4949 |    687 |    199 |   3558 |   5 | 1127.2 |
   Spider Nest |     73 |     73 |      0 |      0 |      9 |   1 |   73.0 |
  Orcish Mines |   1755 |   1548 |    207 |      0 |    836 |   2 |  877.5 |
        Bazaar |    169 |    169 |      0 |      0 |      1 |   1 |  169.0 |
       Ossuary |    245 |    245 |      0 |      0 |      0 |   1 |  245.0 |
        Bailey |    451 |    451 |      0 |     99 |     95 |   1 |  451.0 |
       Volcano |    267 |    267 |      0 |      0 |     36 |   1 |  267.0 |
               +--------+--------+--------+--------+--------+-----+--------+

Top non-repeatable levels by time:
     D:6: 1828 daAuts
     D:9: 1726 daAuts
    D:12: 1697 daAuts
    D:10: 1498 daAuts
  Lair:2: 1395 daAuts
     D:3: 1372 daAuts
     D:5: 1358 daAuts
     D:8: 1325 daAuts
    D:15: 1289 daAuts
     D:7: 1265 daAuts
  Lair:5: 1196 daAuts
  Lair:3: 1190 daAuts
     D:2: 1153 daAuts
     D:1: 1132 daAuts
   Orc:2: 1085 daAuts
